 Dungeon Crawl Stone Soup version 0.29-a0-557-g43b9904bd1 (webtiles) character file.

Game seed: 17823292369839360791

2204 avis the Archer (level 8, -4/102 HPs)
             Began as a Demigod Arcane Marksman on June 8, 2022.
             Slain by a cyan ugly thing (13 damage)
             ... on level 7 of the Dungeon.
             The game lasted 00:40:08 (6597 turns).

avis the Archer (Demigod Arcane Marksman)           Turns: 6597, Time: 00:40:09

Health: -4/102     AC: 24    Str: 11    XL:     8   Next: 89%
Magic:  14/14      EV:  2    Int: 15    God:
Gold:   286        SH:  0    Dex: 28    Spells: 10/11 levels left

rFire   . . .      SeeInvis .   a - +0 shortbow (elec)
rCold   . . .      Faith    .   (shield currently unavailable)
rNeg    . . .      Spirit   .   (body armour currently unavailable)
rPois   +          Reflect  .   (helmet currently unavailable)
rElec   .          Harm     .   (cloak currently unavailable)
rCorr   .          Rampage  .   (gloves currently unavailable)
Will    .....      NoTele   +   (boots currently unavailable)
Stlth   ++........              (no amulet)
HPRegen 0.27/turn               y - +6 ring of dexterity
MPRegen 0.14/turn               (no ring)

@: tree-form
A: stationary, stasis, torment immunity, boosted hp, high MP 1, forlorn, divine
attributes
a: no special abilities


You were on level 7 of the Dungeon.
You were a tree.
You visited 1 branch of the dungeon, and saw 7 of its levels.
You also visited: Ossuary.

You collected 286 gold pieces.

Inventory:

Hand Weapons
 a - a +0 shortbow of electrocution (weapon)
 b - the +9 hand axe "Gisyl" {flame, rPois rF++ Str+2}
   (You found it on level 6 of the Dungeon)

   It burns those it strikes, dealing additional fire damage.
   Big, fiery blades are also staple armaments of hydra-hunters.
   Str:       It affects your strength (+2).
   rF:        It greatly protects you from fire.
   rPois:     It protects you from poison.
 c - the +9 dagger of Thoughtfulness {elec, rF+ Int+4}
   (You took it off a goblin on level 2 of the Dungeon)

   It occasionally discharges a powerful burst of electricity upon striking a
   foe.
   Int:       It affects your intelligence (+4).
   rF:        It protects you from fire.
 g - a +0 dagger of venom
 n - a +0 hunting sling
 w - a +2 dagger of holy wrath
 D - a +0 long sword
 J - a +5 great sword of freezing
 Q - a +1 scimitar
 T - a +0 vampiric whip
 U - a +2 great sword
 V - a +1 dagger of draining
Missiles
 h - 5 datura-tipped darts
 i - 174 stones
 C - 10 poisoned darts
 G - 7 boomerangs
 S - a throwing net
Armour
 d - a +0 robe
 e - a +1 leather armour (melded)
 j - a +0 ring mail
 m - a +0 helmet (melded)
 s - the +0 buckler of Devotion {rPois Will- Int+3}
   (You found it in an ossuary)

   Int:       It affects your intelligence (+3).
   rPois:     It protects you from poison.
   Will:      It decreases your willpower.
 O - a +0 cloak (melded)
Jewellery
 k - a +6 ring of strength
 y - a +6 ring of dexterity (left branch)
Wands
 o - a wand of paralysis (4)
 v - a wand of iceblast (12)
 L - a wand of mindburst (19)
Scrolls
 l - 8 scrolls of teleportation
 r - 2 scrolls of amnesia
 E - 2 scrolls of enchant armour
 H - 2 scrolls of vulnerability
 I - a scroll of enchant weapon {unknown}
 K - 2 scrolls of silence
 R - a scroll of magic mapping {unknown}
Potions
 f - a potion of degeneration
 p - 4 potions of ambrosia
 q - 2 potions of lignification
 t - a potion of flight {unknown}
 u - a potion of berserk rage {unknown}
 x - a potion of resistance {unknown}
 z - a potion of curing
 A - 2 potions of magic {unknown}
 B - a potion of cancellation {unknown}
 F - a potion of might {unknown}
 M - 2 potions of mutation {unknown}
 N - a potion of attraction {unknown}
 P - a potion of invisibility {unknown}


   Skills:
 - Level 5.0 Fighting
 * Level 9.5 Bows
 - Level 3.0 Dodging
 - Level 2.0 Spellcasting
 - Level 3.0 Hexes


You had 10 spell levels left.
You knew the following spells:

 Your Spells              Type           Power      Damage    Failure   Level
a - Slow                  Hex            40%        N/A       6%          1

Your spell library contained the following spells:

 Spells                   Type           Power      Damage    Failure   Level
 Confusing Touch          Hex            10%        N/A       19%         3
 Freeze                   Ice            4%         1d3       22%         1
 Magic Dart               Conj           4%         1d3       22%         1
 Summon Small Mammal      Summ           4%         N/A       22%         1
 Searing Ray              Conj           2%         2d4       32%         2
 Static Discharge         Conj/Air       1%         N/A       32%         2
 Inner Flame              Hex/Fire       6%         N/A       34%         3
 Portal Projectile        Hex/Tloc       12%        N/A       34%         3
 Summon Guardian Golem    Hex/Summ       6%         N/A       34%         3
 Call Canine Familiar     Summ           1%         N/A       54%         3
 Frozen Ramparts          Ice            2%         1d2       54%         3
 Vampiric Draining        Necr           1%         2d6       54%         3
 Cause Fear               Hex            5%         N/A       54%         4
 Fulminant Prism          Conj/Hex       3%         3d6       75%         4
 Dispel Undead            Necr           1%         3d6       91%         4
 Hailstorm                Conj/Ice       1%         3d3       91%         4
 Sticky Flame             Conj/Fire      1%         2d3       91%         4


Dungeon Overview and Level Annotations

Branches:
Dungeon (7/15)             Temple (0/1) D:7         Ossuary (visited)


Innate Abilities, Weirdness & Mutations

You are a tree.
Your roots penetrate the ground, keeping you stationary.
You cannot be teleported.
You are immune to unholy pain and torment.
Your maximum health is greatly increased.
Your equipment is partially melded.
You have an increased reservoir of magic. (+10% MP)
You shall have no god before yourself.
Your divine heritage dramatically boosts your attributes as you level up.


Message History

The gargoyle is heavily damaged.
You feel sick.
The cyan ugly thing engulfs you but does no damage.
Shoot: a) +0 shortbow (elec)
Press: ? - help, Q - select action, (/) - cycle Shift-Dir - straight line, f/p - gargoyle
Aim: a gargoyle, wielding a +0 flail (heavily damaged, 82% to hit)
You shoot an arrow. The arrow hits the cyan ugly thing.
The cyan ugly thing is moderately wounded.
You feel sick.
You are no longer poisoned.
The cyan ugly thing engulfs you. The cyan ugly thing shocks you!
* * * LOW HITPOINT WARNING * * *
Unknown command.
Shoot: a) +0 shortbow (elec)
Press: ? - help, Q - select action, (/) - cycle Shift-Dir - straight line, f/p - gargoyle
Aim: a gargoyle, wielding a +0 flail (heavily damaged, 82% to hit)
You shoot an arrow. The arrow hits the cyan ugly thing!
The cyan ugly thing is heavily wounded.
An orc wizard comes into view. It is wielding a +0 dagger.
The cyan ugly thing engulfs you.
* * * LOW HITPOINT WARNING * * *
The cyan ugly thing shocks you!
* * * LOW HITPOINT WARNING * * *
Shoot: a) +0 shortbow (elec)
Press: ? - help, Q - select action, (/) - cycle Shift-Dir - straight line, f/p - gargoyle
Aim: a gargoyle, wielding a +0 flail (heavily damaged, 82% to hit)
You shoot an arrow.
The arrow closely misses the cyan ugly thing.
The arrow barely misses the gargoyle.
The arrow barely misses the orc warrior.
The orc wizard shouts!
The arrow hits the orc wizard!
The orc wizard is severely wounded.
The orc wizard casts a spell.
The orc wizard flickers and vanishes!
Deactivating autopickup; reactivate with Ctrl-A.
The cyan ugly thing engulfs you!
* * * LOW HITPOINT WARNING * * *
The cyan ugly thing shocks you!
You die...

#............
...#.........### #
...#.......<####
.#..###.###...##..
....###.###...##.. #
#....+..#......... "|)##
#....#..#.........
[[..W9#....#..#.........
{...oDu♣..##..##....##..
#...#9#.#+##>.##....##..
# # #.......'.....##..
#...##..##.[..##..
#....######.....#..
#...... #......+..
#.......# #......#..
....##.... #......#..
###.. #...#. #......#..


You could see a seven-headed hydra, a cyan ugly thing, a wraith, an orc warrior
and 2 gargoyles.

Vanquished Creatures
  A wyvern (D:7)
  A water moccasin (D:7)
  A sky beast (D:6)
  2 ice beasts
  A black bear (D:7)
  A centaur (D:6)
  2 ogres (D:6)
  2 bullfrogs
  A water moccasin zombie (Ossuary)
  5 wights (D:7)
  A howler monkey (D:6)
  3 jellies
  5 hounds
  7 iguanas
  A gnoll shaman (D:6)
  An orc wizard (D:7)
  2 mummies (Ossuary)
  Robin (D:4)
  4 gnolls (D:6)
  14 adders
  2 white imps (D:6)
  An ufetubus (D:6)
  7 adder zombies (Ossuary)
  A worm (D:2)
  4 dart slugs
  16 orcs
  12 ball pythons
  3 bats
  4 endoplasms
  3 giant cockroaches
  5 gnoll zombies (Ossuary)
  13 goblins
  12 hobgoblins
  2 jackals (D:1)
  10 kobolds
  7 quokkas
  3 frilled lizards
  4 hobgoblin zombies (Ossuary)
  A kobold zombie (Ossuary)
  6 orc zombies (Ossuary)
  5 rats
177 creatures vanquished.

Notes
Turn   | Place    | Note
-------+----------+-------------------------------------------
     0 | D:1      | avis the Demigod Arcane Marksman began the quest for the
                  | Orb.
     0 | D:1      | Reached XP level 1. HP: 15/15 MP: 4/4
    89 | D:1      | Reached skill level 2 in Bows
   201 | D:1      | Reached XP level 2. HP: 22/22 MP: 5/5
   601 | D:1      | Reached skill level 3 in Bows
   855 | D:1      | Reached skill level 1 in Fighting
  1381 | D:2      | Reached XP level 3. HP: 28/28 MP: 6/6
  1962 | D:2      | Reached XP level 4. HP: 29/36 MP: 8/8
  2239 | D:2      | Identified the +9 dagger of Thoughtfulness {elec, rF+
                  | Int+4}
  2639 | D:2      | Reached skill level 4 in Bows
  3178 | D:3      | Reached XP level 5. HP: 44/44 MP: 9/9
  3698 | D:4      | Noticed Robin
  3706 | D:4      | Killed Robin
  3799 | D:4      | Found a sand-covered staircase.
  3807 | Ossuary  | Entered an ossuary
  4112 | Ossuary  | Reached skill level 5 in Bows
  4112 | Ossuary  | Reached XP level 6. HP: 51/51 MP: 10/10
  4158 | Ossuary  | Identified the +0 buckler of Devotion {rPois Will- Int+3}
  4872 | D:5      | Entered Level 5 of the Dungeon
  4961 | D:5      | Reached skill level 6 in Bows
  4961 | D:5      | Reached XP level 7. HP: 59/59 MP: 11/11
  5521 | D:6      | Reached skill level 7 in Bows
  5880 | D:6      | Reached XP level 8. HP: 66/66 MP: 14/14
  5884 | D:6      | Reached skill level 8 in Bows
  6255 | D:6      | Identified the +9 hand axe "Gisyl" {flame, rPois rF++
                  | Str+2}
  6448 | D:7      | Reached skill level 9 in Bows
  6464 | D:7      | Found a staircase to the Ecumenical Temple.
  6494 | D:7      | Reached skill level 5 in Fighting
  6585 | D:7      | Noticed a gargoyle
  6585 | D:7      | Noticed a gargoyle
  6586 | D:7      | Noticed a cyan ugly thing
  6589 | D:7      | Noticed a seven-headed hydra
  6597 | D:7      | Slain by a cyan ugly thing

Illustrated notes

Levels and vault maps discovered:
D:1:      dpeg_arrival_shrine, layout_loops_ring, palyth_stone_intersect
D:2:      cheibrodos_greedy_goblins, layout_loops_ring, basic_altar,
          minmay_snake_closets
D:3:      layout_loops_cross, ebering_dispersal_statue_hall
D:4:      layout_loops_ring, nicolae_ossuary_entry_plus, minmay_unequal,
          uniq_robin
D:5:      layout_cave_pools
D:6:      layout_gridville, minivault_1
D:7:      minmay_the_grid_octo_2x2 [minmay_the_grid_octo_focus,
          minmay_the_grid_octo_horde, minmay_the_grid_octo_tetromino_candy,
          minmay_the_grid_octo_prize_ultimate_mussel_roller], layout_gridville,
          minmay_temple_entry_ruins, enter_bailey_2

Skill      XL: |  1  2  3  4  5  6  7  8 |
---------------+-------------------------+-----
Bows           | 2 3 4 5 6 7 9 |  9.5
Fighting       | 1 2 3 4 5 |  5.0
Dodging        | 2 3 |  3.0
Hexes          | 3 |  3.0
Spellcasting   | 2 |  2.0

Action                   |  1- 3 |  4- 6 |  7- 9 || total
-------------------------+-------+-------+-------++-------
Melee: Short sword       |    27 |       |       ||    27
       Punch             |     1 |       |     2 ||     3
       Dagger            |       |    44 |       ||    44
       Whip              |       |     7 |    51 ||    58
 Fire: Shortbow          |   117 |   174 |   107 ||   398
 Cast: Slow              |     4 |     5 |       ||     9
  Use: Scroll            |     2 |     9 |     4 ||    15
       Potion            |     1 |       |     5 ||     6
Armor: Leather armour    |     7 |    29 |    24 ||    60
       Robe              |     1 |       |       ||     1
       Ring mail         |    30 |    14 |       ||    44
       Skin              |       |       |     2 ||     2
Dodge: Dodged            |    59 |    87 |    33 ||   179

Table legend: (Time is in decaauts)
 A = Elapsed time spent in this place.
 B = Non-inter-level travel time spent in this place.
 C = Inter-level travel time spent in this place.
 D = Time resting spent in this place.
 E = Time spent auto-exploring this place.
 F = Levels seen in this place.
 G = Mean time per level.
                   A        B        C        D        E       F      G
               +--------+--------+--------+--------+--------+-----+--------+
         Total |   6718 |   6252 |    466 |   1779 |   2815 |   8 |  839.8 |
       Dungeon |   6329 |   5863 |    466 |   1565 |   2815 |   7 |  904.1 |
       Ossuary |    388 |    388 |      0 |    214 |      0 |   1 |  388.0 |
               +--------+--------+--------+--------+--------+-----+--------+

Top non-repeatable levels by time:
     D:2: 1467 daAuts
     D:1: 1428 daAuts
     D:5: 893 daAuts
     D:4: 881 daAuts
     D:3: 826 daAuts
     D:6: 659 daAuts
 Ossuary: 388 daAuts
     D:7: 173 daAuts
